[Event "Late-Titled-Tuesday-Blitz-October-24-2023"]
[Site "Chess.com"]
[Date "2023.10.24"]
[Round "6"]
[White "expii"]
[Black "Kombinator01"]
[Result "0-1"]
[WhiteElo "2227"]
[BlackElo "2417"]
[TimeControl "180+1"]
[EndTime "15:06:02 PDT"]
[Termination "Kombinator01 won by resignation"]

1. e4 e5 2. Nf3 Nf6 3. Nxe5 Nxe4 4. Nf3 d5 5. d4 Bd6 6. Bd3 O-O 7. O-O Re8 8. Re1 Nf6 9. Bg5 Bd7 10. c3 h6 11.
Bxf6 Qxf6 12. h3 Nc6 13. Nbd2 Qf4 14. Qc2 Ne7 15. Re2 Nf5 16. Rae1 Nh4 17. Rxe8+ Bxe8 18. Kf1 Bd7 19. Re3 Nf5 20. Re2 Nh4 21. Nxh4 Qxh4 22. Bf5 Bb5 23. Bd3 Bd7 24. Bf5 Bb5 25. Bd3 Bc6 26.
a4 a6 27. b4 b5 28. a5 Qf4 29. Nf3 Bd7 30. Ng1 Rf8 31. Qd2 Qf6 32. Qe3 Re8 33. Qf3 Qxf3 34. Nxf3 c6 35. Ne5 Bxe5 36. Rxe5 Rd8 37. f4 f6 38. Re1 Kf7 39. Kf2 g5 40. f5 Rg8 41. g4 h5 42. Kg3 Rh8 43. Be2 Bc8 44. Bf3 Bd7 45. Re2 Bc8 46. Re1 Rh7 47. Re2 Bd7 48. Re1 hxg4 49. Re2 gxf3 0-1

[Event "Late-Titled-Tuesday-Blitz-October-24-2023"]
[Site "Chess.com"]
[Date "2023.10.24"]
[Round "6"]
[White "Zhigalko_Sergei"]
[Black "cassoulet"]
[Result "1-0"]
[WhiteElo "2960"]
[BlackElo "2789"]
[TimeControl "180+1"]
[EndTime "15:06:03 PDT"]
[Termination "Zhigalko_Sergei won by resignation"]

1. e4 c5 2. Nf3 e6 3. c3 Nc6 4. d4 d5 5. e5 Bd7 6. Be2 cxd4 7. cxd4 Qb6 8. Nc3 a6 9. O-O Nge7 10. Na4 Qa7 11. Be3 Nf5 12. Rc1 Rc8 13. Bd3 Nxe3 14. fxe3 Be7 15. Nc5 h6 16. a3 Bxc5 17. Rxc5 O-O 18. h4 Ne7 19. Rxc8 Rxc8 20. Nh2 Qb6 21. Qh5 Be8 22. Ng4 Qb3 23. Nf6+ gxf6 24. Qg4+ Kf8 25. exf6 Ng6 26. Rd1 Ba4 27. Rd2 Rc1+ 28. Kh2 Rd1 29. Bxg6 Rxd2 30. Bxf7 Rxg2+ 31. Qxg2 Qc2 32. Qxc2 Bxc2 33.
Bxe6 Be4 34. Kg3 b6 35. Kf4 a5 36. Ke5 1-0

[Event "Late-Titled-Tuesday-Blitz-October-24-2023"]
[Site "Chess.com"]
[Date "2023.10.24"]
[Round "6"]
[White "zverr1"]
[Black "KorolDimitriy75"]
[Result "0-1"]
[WhiteElo "2485"]
[BlackElo "2369"]
[TimeControl "180+1"]
[EndTime "15:06:03 PDT"]
[Termination "KorolDimitriy75 won by checkmate"]

1. e4 c5 2. Nf3 d6 3. Nc3 Nf6 4. e5 dxe5 5. Nxe5 Nbd7 6. d4 e6 7. Bb5 a6 8. Bxd7+ Bxd7 9. Be3 Qc7 10. Nxd7 Nxd7 11. d5 Be7 12. dxe6 fxe6 13. Qg4 Qe5 14.
O-O-O O-O-O 15. Rhe1 Qf5 16. Qc4 Kb8 17. Bf4+ e5 18.
Bg3 Bf6 19. Ne4 Rhe8 20. Nxc5 Nxc5 21. Qxc5 Rc8 22. Qd6+ Ka8 23. Qd3 e4 24. Qb3 Rc6 25. Re2 Rec8 26. Kb1 Qa5 27. Rxe4 Rb6 28. Qd5 Rxb2+ 29.
Kc1 Rcxc2# 0-1

[Event "Late-Titled-Tuesday-Blitz-October-24-2023"]
[Site "Chess.com"]
[Date "2023.10.24"]
[Round "6"]
[White "Balla_Tamas"]
[Black "protectiago"]
[Result "1-0"]
[WhiteElo "2341"]
[BlackElo "2059"]
[TimeControl "180+1"]
[EndTime "15:06:03 PDT"]
[Termination "Balla_Tamas won on time"]

1. e4 e5 2. Nf3 Nc6 3. d4 exd4 4.
Nxd4 Nf6 5. Nxc6 bxc6 6. e5 Nd5 7. c4 Bb4+ 8. Bd2 Bxd2+ 9. Nxd2 Nb6 10. Bd3 d5 11.
O-O Be6 12. Rc1 O-O 13. c5 Nd7 14. f4 Rb8 15. Nb3 f5 16. Nd4 Qe8 17. Nxc6 Rxb2 18.
Rc2 Rxc2 19. Qxc2 Nb8 20. Nd4 Nc6 21. Qc3 Nxd4 22. Qxd4 c6 23. Rb1 Qd7 24. Qb4 Qc7 25. Qb7 Rc8 26. Ba6 Qxb7 27. Rxb7 Rd8 28. Rxa7 d4 29. Bd3 g6 30. a4 Bd5 31. a5 Be4 32.
Bc4+ Bd5 33. Bxd5+ Rxd5 34. Rb7 Rxc5 35. a6 Ra5 36. a7 d3 37. Kf2 1-0

[Event "Late-Titled-Tuesday-Blitz-October-24-2023"]
[Site "Chess.com"]
[Date "2023.10.24"]
[Round "6"]
[White "nochewycandy"]
[Black "FabianoCaruana"]
[Result "0-1"]
[WhiteElo "2784"]
[BlackElo "3089"]
[TimeControl "180+1"]
[EndTime "15:06:05 PDT"]
[Termination "FabianoCaruana won on time"]

1. e4 c5 2. Nf3 d6 3. d4 cxd4 4. Nxd4 Nf6 5. Nc3 a6 6. Be3 e5 7. Nb3 Be7 8. h3 h6 9. Qf3 Be6 10. g4 O-O 11. Rg1 Nh7 12. O-O-O a5 13. Nc5 Nc6 14.
Nxe6 fxe6 15. Qg3 Bg5 16. Bc4 Qe7 17. Kb1 Rad8 18. Bb6 Rd7 19. Rh1 Bf4 20. Qg2 Nd4 21. h4 Rc8 22. Bd3 Rf8 23. Nb5 Nc6 24. c3 g5 25. hxg5 Bxg5 26. Bc4 Kg7 27. Rh3 a4 28. Rhd3 Nf6 29. Nxd6 Kh7 30. Bc5 Na5 31. Bb5 Rdd8 32. Bb4 Nc6 33. Bxc6 bxc6 34. f3 Qa7 35. Qc2 c5 0-1

[Event "Late-Titled-Tuesday-Blitz-October-24-2023"]
[Site "Chess.com"]
[Date "2023.10.24"]
[Round "6"]
[White "AndresDelgado77"]
[Black "APOKALIPSA13"]
[Result "1-0"]
[WhiteElo "2356"]
[BlackElo "2217"]
[TimeControl "180+1"]
[EndTime "15:06:08 PDT"]
[Termination "AndresDelgado77 won by checkmate"]

1. e4 e5 2. Nc3 Nf6 3. d4 exd4 4.
Qxd4 Nc6 5. Qc4 Ne5 6. Qb3 Bc5 7.
f4 Bxg1 8. fxe5 Ng4 9. Rxg1 Qh4+ 10. g3 Qxh2 11. Rg2 Qh1 12. Nd5 O-O 13. Bf4 d6 14.
exd6 Be6 15. O-O-O c6 16. Ne7+ Kh8 17. Qf3 Rad8 18. Bc4 Qh5 19. Bxe6 fxe6 20. Qe2 g5 21. Bd2 Rxd6 22. Bc3+ e5 23. Rxd6 Qh1+ 24. Rd1 Qh3 25. Qxg4 Qxg4 26. Bxe5+ Rf6 27. Bxf6# 1-0

[Event "Late-Titled-Tuesday-Blitz-October-24-2023"]
[Site "Chess.com"]
[Date "2023.10.24"]
[Round "6"]
[White "ValeriyGrinev"]
[Black "IlanSchnaider"]
[Result "1-0"]
[WhiteElo "2617"]
[BlackElo "2761"]
[TimeControl "180+1"]
[EndTime "15:06:09 PDT"]
[Termination "ValeriyGrinev won on time"]

1. d4 Nf6 2. c4 g6 3. Nc3 d5 4. cxd5 Nxd5 5. e4 Nxc3 6. bxc3 Bg7 7. Nf3 O-O 8. h3 c5 9. Be2 Nc6 10. Be3 cxd4 11. cxd4 Qa5+ 12. Bd2 Qa3 13. d5 Nd4 14. Nxd4 Bxd4 15. Rb1 Qxa2 16. O-O Bg7 17. Bb4 Bf6 18. f4 Rd8 19. Bd3 a5 20. Bc5 Bd7 21.
Rf2 Qa4 22. Qf3 Bd4 23. Bxe7 Re8 24. d6 Qa2 25. Rf1 a4 26. Kh1 Bxf2 27. Rxf2 Qa1+ 28.
Rf1 Qd4 29. f5 Qg7 30. fxg6 hxg6 31. Bc4 Be6 32. Bxe6 fxe6 33. Qg4 a3 34. Qxe6+ Kh8 35. Rf4 g5 36. Rf6 Kh7 37. Qf5+ Kg8 38. Rg6 a2 39. Rxg7+ Kxg7 40. Bf6+ Kf7 41. Ba1+ Kg8 42. Qg6+ 1-0

[Event "Late-Titled-Tuesday-Blitz-October-24-2023"]
[Site "Chess.com"]
[Date "2023.10.24"]
[Round "6"]
[White "Mikhail_Golubev"]
[Black "Evandro_Barbosa"]
[Result "1-0"]
[WhiteElo "2568"]
[BlackElo "2667"]
[TimeControl "180+1"]
[EndTime "15:06:09 PDT"]
[Termination "Mikhail_Golubev won on time"]

1. e4 c5 2. Nf3 e6 3. d4 cxd4 4.
Nxd4 Nc6 5. Nc3 Qc7 6. Be3 a6 7. a3 Nf6 8. f4 d6 9. Qf3 Be7 10. Bd3 O-O 11. O-O Bd7 12. Qg3 Nxd4 13. Bxd4 Bc6 14.
Rae1 Rad8 15. Kh1 b5 16. Nd1 Qb7 17. Nf2 b4 18. axb4 Qxb4 19. Bc3 Qb7 20. Ng4 Nxg4 21. Qxg4 g6 22. f5 exf5 23. exf5 Rde8 24. fxg6 hxg6 25. Qh3 Bxg2+ 26. Qxg2 Qxg2+ 27. Kxg2 Bh4 28. Rxe8 Rxe8 29. Bxa6 f5 30. Bc4+ Kh7 31. Rd1 Re4 32. b3 g5 33.
Rxd6 g4 34. Bd3 Rf4 35. Bd4 1-0

[Event "Late-Titled-Tuesday-Blitz-October-24-2023"]
[Site "Chess.com"]
[Date "2023.10.24"]
[Round "6"]
[White "Darko-Dimitrijevic"]
[Black "Felix-Rose"]
[Result "0-1"]
[WhiteElo "2111"]
[BlackElo "2323"]
[TimeControl "180+1"]
[EndTime "15:06:12 PDT"]
[Termination "Felix-Rose won on time"]

1. c4 e6 2. Nc3 d5 3. d4 Nf6 4. Nf3 Be7 5. Bg5 Nbd7 6. e3 h6 7. Bxf6 Nxf6 8. Be2 O-O 9. O-O c5 10. dxc5 dxc4 11. Bxc4 Bxc5 12. Qe2 Qe7 13. e4 Rd8 14.
Rad1 a6 15. e5 Nd7 16. Ne4 b5 17. Bb3 Bb7 18. Rd3 Bb6 19. Rfd1 Bxe4 20. Qxe4 Nc5 21. Rxd8+ Rxd8 22. Qc2 Rxd1+ 23. Qxd1 Nxb3 24. axb3 Qc5 25. Qd2 a5 26. g3 g6 27. Kg2 Kg7 28. h4 b4 29. Qe2 Qc6 30. Qd3 Qc5 31. Qe2 Qd5 32. Qc2 Bd4 33. h5 g5 34. Qe2 g4 0-1

[Event "Late-Titled-Tuesday-Blitz-October-24-2023"]
[Site "Chess.com"]
[Date "2023.10.24"]
[Round "6"]
[White "Freeeeeeeeeeeeeeeeee"]
[Black "Miguelitro69"]
[Result "1-0"]
[WhiteElo "2040"]
[BlackElo "2289"]
[TimeControl "180+1"]
[EndTime "15:06:12 PDT"]
[Termination "Freeeeeeeeeeeeeeeeee won on time"]

1. d4 Nf6 2. Nf3 c5 3. e3 g6 4. c3 Bg7 5. Be2 O-O 6. O-O b6 7. a3 Bb7 8. b4 cxd4 9. exd4 d6 10. Bb2 Nc6 11. c4 Re8 12. d5 Nb8 13. Nbd2 Nbd7 14.
Nd4 Rc8 15. b5 Nc5 16. Nc6 Bxc6 17. bxc6 e6 18. Nb3 exd5 19. Nxc5 dxc5 20. Bf3 d4 21.
Qd3 Qd6 22. a4 Re7 23. a5 h5 24. h3 Ne8 25. axb6 axb6 26. Ra6 Rb8 27. Bc1 Nc7 28. Ra7 Ne6 29. Rb7 Nd8 30. Rxe7 Qxe7 31. Bf4 Rc8 32. c7 Ne6 33. Qe2 Qd7 34. Bh2 Nxc7 35. Rb1 d3 36. Qd2 Qe6 37. Qxd3 Bd4 38. Bg3 Ne8 39. Bd5 Qf6 40. Qb3 h4 41. Bh2 Qxf2+ 42.
Kh1 Nf6 43. Qxb6 Re8 44. Bg1 Qf4 45. Bxd4 cxd4 46. Bf3 d3 47. Qf2 1-0

[Event "Late-Titled-Tuesday-Blitz-October-24-2023"]
[Site "Chess.com"]
[Date "2023.10.24"]
[Round "6"]
[White "marik_spb"]
[Black "NateSolon"]
[Result "0-1"]
[WhiteElo "2389"]
[BlackElo "2653"]
[TimeControl "180+1"]
[EndTime "15:06:14 PDT"]
[Termination "NateSolon won on time"]

1. d4 d5 2. c4 c6 3. Nf3 Nf6 4.
Nc3 e6 5. g3 dxc4 6. Bg2 Nbd7 7.
O-O b5 8. Ng5 Nd5 9. e4 Nxc3 10.
bxc3 Be7 11. Qh5 g6 12. Qh6 Bf8 13. Qh3 Be7 14. Qh6 Bf8 15. Qh3 e5 16. Ne6 fxe6 17.
Qxe6+ Qe7 18. Qxc6 Rb8 19. a4 Bb7 20. Qxb5 Bxe4 21.
Qxc4 Bxg2 22. Kxg2 Bg7 23. Ba3 Qf7 24. Qc7 Bf8 25. Rab1 Qd5+ 26. Kg1 Rxb1 27. Rxb1 Bxa3 28. Qc8+ Kf7 29. Qxh8 Nf8 30. Qxe5 Qxe5 31. dxe5 Bc5 32. Kg2 Ke6 33. f4 Kd5 34. Rb7 Kc4 35. Rc7 Ne6 0-1

[Event "Late-Titled-Tuesday-Blitz-October-24-2023"]
[Site "Chess.com"]
[Date "2023.10.24"]
[Round "6"]
[White "WPWPWP-2015"]
[Black "Ali_rastbod"]
[Result "1-0"]
[WhiteElo "2603"]
[BlackElo "2733"]
[TimeControl "180+1"]
[EndTime "15:06:16 PDT"]
[Termination "WPWPWP-2015 won by resignation"]

1. e4 d5 2. exd5 Qxd5 3. Nc3 Qd6 4. h3 a6 5. g3 e5 6. Bg2 Nc6 7. d3 Bf5 8. Nf3 O-O-O 9. O-O f6 10. Be3 g5 11.
Kh2 h5 12. Ne4 Qd7 13. Nfd2 Be6 14. a3 Be7 15. b4 Nh6 16. Bc5 b6 17. Bxe7 Qxe7 18.
Nxf6 Qxf6 19. Bxc6 Bxh3 20. Bg2 Bxg2 21. Kxg2 h4 22.
Qf3 h3+ 23. Kh2 Qxf3 24. Nxf3 Ng4+ 25. Kg1 Rdf8 26. Nh2 Nxh2 27. Kxh2 g4 28. Rae1 Rh5 29. Re4 Rg5 30. f3 gxf3 31. Kxh3 Kd7 32. g4 Kd6 33. Kg3 Kd5 34. Rxf3 Rxf3+ 35. Kxf3 b5 36. Kg3 c5 37. bxc5 Kxc5 38. Kh4 Rg8 39. Rxe5+ Kd4 40.
Re6 Ra8 41. Rc6 a5 42. g5 b4 43. a4 Ke3 44. g6 Rh8+ 45. Kg5 Kd2 46. g7 Rg8 47. Kf6 1-0

[Event "Late-Titled-Tuesday-Blitz-October-24-2023"]
[Site "Chess.com"]
[Date "2023.10.24"]
[Round "6"]
[White "Casper"]
[Black "filipluczak05"]
[Result "0-1"]
[WhiteElo "2461"]
[BlackElo "2622"]
[TimeControl "180+1"]
[EndTime "15:06:17 PDT"]
[Termination "filipluczak05 won on time"]

1. e4 g6 2. h4 Bg7 3. h5 d5 4.
hxg6 hxg6 5. Rxh8 Bxh8 6. exd5 Qxd5 7. Nc3 Bxc3 8. dxc3 Qxd1+ 9. Kxd1 Nc6 10. Be3 Bf5 11. Kc1 O-O-O 12. b3 Nf6 13. f3 Nd5 14. Bd2 Rh8 15.
Ne2 Rh1 16. Kb2 e5 17. Ng3 Rh2 18. Nxf5 gxf5 19. Re1 f6 20. a4 f4 21. b4 Nce7 22.
c4 Nb6 23. a5 Nd7 24. Bxf4 exf4 25. Rxe7 Ne5 26. Kc3 Kd8 27. Rg7 Rh1 28. Bd3 Rg1 29. Be4 b6 30. a6 Ra1 31. Bb7 c5 32. Rg8+ Kc7 33. b5 Ra3+ 34. Kd2 Nxc4+ 35. Ke2 Rc3 36. Rc8+ Kd6 37. Ra8 Rxc2+ 38. Kd3 Ne3 39. Rxa7 Ke5 40. Bd5 Kxd5 41. Rd7+ Ke6 0-1

[Event "Late-Titled-Tuesday-Blitz-October-24-2023"]
[Site "Chess.com"]
[Date "2023.10.24"]
[Round "6"]
[White "ChuckPhil"]
[Black "Alexei_Gubajdullin"]
[Result "0-1"]
[WhiteElo "2544"]
[BlackElo "2718"]
[TimeControl "180+1"]
[EndTime "15:06:18 PDT"]
[Termination "Alexei_Gubajdullin won by checkmate"]

1. d4 Nf6 2. c4 g6 3. Nf3 Bg7 4. g3 O-O 5. Bg2 d6 6. O-O Nbd7 7. Nc3 e5 8. e4 c6 9. h3 Re8 10. Re1 a5 11. Rb1 exd4 12. Nxd4 Nc5 13. Bf4 Qb6 14. Nc2 Nfd7 15. Bxd6 Ne5 16. Bf1 Nxc4 17. Bxc4 Bxh3 18. Qf3 Be6 19. Ne3 a4 20. Bxe6 Rxe6 21. Nc4 Qa7 22. Qe3 b6 23. Rbd1 Rae8 24. Bxc5 bxc5 25.
Nd6 Rf8 26. Nc4 Bd4 27. Qf3 f5 28. e5 f4 29. g4 Qa6 30. Nd2 a3 31. b3 Qa5 32.
Nce4 Rxe5 33. Nc4 Qc7 34. Nxe5 Qxe5 35. g5 Qf5 36. Kf1 h5 37. Nd6 Qxg5 38. Qxc6 f3 39. Ne4 Qg2# 0-1

[Event "Late-Titled-Tuesday-Blitz-October-24-2023"]
[Site "Chess.com"]
[Date "2023.10.24"]
[Round "6"]
[White "hellokostya"]
[Black "ItalianMachine"]
[Result "0-1"]
[WhiteElo "2599"]
[BlackElo "2447"]
[TimeControl "180+1"]
[EndTime "15:06:18 PDT"]
[Termination "ItalianMachine won by resignation"]

1. Nf3 Nf6 2. c4 g6 3. Nc3 Bg7 4. e4 O-O 5. d4 d6 6. Be2 e5 7.
d5 Na6 8. h3 Nc5 9. Qc2 a5 10.
Bg5 h6 11. Be3 Nh5 12. Bxc5 dxc5 13. O-O-O Nf4 14. Bf1 f5 15. Kb1 a4 16. a3 Bd7 17.
g3 fxe4 18. Nh4 Ra6 19. Nxe4 g5 20. Ng2 Nxh3 21. Ne3 g4 22. Rh2 Rb6 23. Ka2 Ng5 24. Bd3 Nf3 25. Rh5 Nd4 26. Qd2 Be8 27. Rh4 h5 28.
Rhh1 Bh6 29. Nxc5 Nb3 30. Nxb3 axb3+ 31. Kb1 Rbf6 32. Be4 Rxf2 33. Qd3 Qg5 34. Rhe1 R2f3 35. Bxf3 Rxf3 36. d6 Bg6 37. dxc7 Bxd3+ 38. Rxd3 Rf8 39. Rd8 Rxd8 40. cxd8=Q+ Qxd8 41. Nd5 Qg5 42. Rf1 Qg6+ 43. Ka1 Qc2 44. Ne7+ Kh7 45. Rf7+ Kh8 46. Rf1 Bc1 47.
Rf8+ Kh7 48. Rf7+ Kh6 49. Rf6+ Kg7 0-1

[Event "Late-Titled-Tuesday-Blitz-October-24-2023"]
[Site "Chess.com"]
[Date "2023.10.24"]
[Round "6"]
[White "Mykola-Bortnyk"]
[Black "Korchmar_Vasiliy"]
[Result "0-1"]
[WhiteElo "2942"]
[BlackElo "2792"]
[TimeControl "180+1"]
[EndTime "15:06:19 PDT"]
[Termination "Korchmar_Vasiliy won by resignation"]

1. e4 c5 2. c3 d5 3. exd5 Nf6 4. d4 Nxd5 5. dxc5 e6 6. b4 a5 7.
Nf3 axb4 8. c4 Qf6 9. cxd5 Qxa1 10. Bb5+ Bd7 11. Bxd7+ Nxd7 12. c6 bxc6 13. dxc6 Nf6 14. Bg5 Rd8 15. Qc2 Bd6 16. c7 Bxc7 17. O-O Bd6 18. Qc6+ Kf8 19. Qc2 h6 20. Be3 Be7 21.
Bb6 Ra8 22. Rc1 Qxa2 23. Qc7 Nd5 24. Qb7 Nxb6 25. Qxb6 Kg8 26. Ne5 Qa7 27. Qc6 Bf6 28. Nd7 Bd4 29. Nd2 Bxf2+ 30. Kh1 Be3 31. Re1 Bxd2 32.
Rf1 Bc3 33. h4 Rd8 34. Nc5 Qe7 35. Nb7 Qxh4+ 36. Kg1 Bd4+ 0-1

[Event "Late-Titled-Tuesday-Blitz-October-24-2023"]
[Site "Chess.com"]
[Date "2023.10.24"]
[Round "6"]
[White "jaskol95"]
[Black "tdf98pantani"]
[Result "1-0"]
[WhiteElo "2555"]
[BlackElo "2650"]
[TimeControl "180+1"]
[EndTime "15:06:19 PDT"]
[Termination "jaskol95 won by checkmate"]

1. e4 c5 2. Nf3 d6 3. Bb5+ Bd7 4. Bxd7+ Nxd7 5. d4 cxd4 6. Qxd4 Ngf6 7. O-O Qb6 8.
Qxb6 Nxb6 9. Nc3 Rc8 10. e5 dxe5 11. Nxe5 e6 12. Be3 Bd6 13. Bxb6 axb6 14. Nd3 Ke7 15. Rac1 Rc6 16. Rfd1 Rhc8 17. g3 h5 18. Nb5 Bb8 19. Nd4 Rc4 20. c3 Nd5 21. Ne1 Be5 22. Nf5+ Kf6 23.
Ne3 Nxe3 24. fxe3 h4 25. Nd3 hxg3 26. Rf1+ Kg5 27. Nxe5 gxh2+ 28. Kxh2 Rh4+ 29. Kg2 Re4 30. Nxf7+ Kg6 31. Rf3 Rg4+ 32. Kf2 Rc5 33. Rg1 Rxg1 34. Kxg1 Rd5 35. Rf2 Kh5 36. e4 Rd1+ 37. Kg2 g5 38.
Ne5 g4 39. Kg3 Rg1+ 40. Kf4 g3 41. Rf3 g2 42. Rh3# 1-0

[Event "Late-Titled-Tuesday-Blitz-October-24-2023"]
[Site "Chess.com"]
[Date "2023.10.24"]
[Round "6"]
[White "iJueles"]
[Black "Malev212"]
[Result "0-1"]
[WhiteElo "2467"]
[BlackElo "2645"]
[TimeControl "180+1"]
[EndTime "15:06:19 PDT"]
[Termination "Malev212 won by resignation"]

1. d4 d5 2. Nf3 Nf6 3. c4 c6 4.
Qb3 dxc4 5. Qxc4 Bf5 6. g3 e6 7.
Bg2 Nbd7 8. O-O Be7 9. Qb3 Qb6 10.
Nbd2 O-O 11. Nc4 Qxb3 12. axb3 Be4 13. Bf4 Nd5 14. Bd6 Rfe8 15. Bxe7 Rxe7 16. Nd6 Bxf3 17.
Bxf3 N7b6 18. e4 Nb4 19. Rfd1 Rd7 20. e5 a6 21. Be4 Rad8 22. Rac1 Nc8 23. Rc4 Nxd6 24.
exd6 Nd5 25. Bxd5 exd5 26. Rb4 b5 27. Ra1 Rxd6 28. Rxa6 Kf8 29. Kf1 Ke7 30. Ra7+ R8d7 31. Ra8 Rd8 32. Ra7+ R6d7 33. Ra6 Rc7 34. Ke2 Kd7 35.
Kd2 Rcc8 36. Ra7+ Rc7 37. Ra6 Rb8 38. f3 Rbb7 39. Ra8 Rc8 40. Ra6 Re8 41. Ra1 Re6 42.
Ra8 Re8 43. Ra6 Kc7 44. g4 Rc8 45. h4 Kb8 46. h5 Ra7 47. Raa4 Rb7 48. Ra6 Ra7 49.
Raa4 Ka8 50. Rxa7+ Kxa7 51. g5 Re8 52. h6 gxh6 53.
gxh6 Kb6 0-1

[Event "Late-Titled-Tuesday-Blitz-October-24-2023"]
[Site "Chess.com"]
[Date "2023.10.24"]
[Round "6"]
[White "pedromartinez91"]
[Black "tteshan"]
[Result "1-0"]
[WhiteElo "2629"]
[BlackElo "2510"]
[TimeControl "180+1"]
[EndTime "15:06:21 PDT"]
[Termination "pedromartinez91 won on time"]

1. d4 d5 2. c4 dxc4 3. e3 e6 4. Bxc4 Nf6 5. Nf3 c5 6. O-O a6 7.
dxc5 Qxd1 8. Rxd1 Bxc5 9. Nc3 O-O 10. Bd2 b5 11. Be2 Bb7 12. Rac1 Be7 13. Ne5 Nbd7 14. Nxd7 Nxd7 15. Nxb5 axb5 16. Rc7 Bc8 17. Bxb5 Bd6 18. Rc6 Be7 19. a4 Rd8 20. Bc3 Nf8 21.
Rxd8 Bxd8 22. Rd6 Bb7 23. f3 f6 24. Kf2 Kf7 25. b4 Be7 26. Rd3 Ba6 27. Bxa6 Rxa6 28. a5 Ke8 29. b5 Ra8 30. b6 Nd7 31. b7 Rb8 32. a6 Bc5 33. Bd4 Bxd4 34. Rxd4 Nb6 35.
Rd6 Nc8 36. bxc8=Q+ Rxc8 37. a7 Ra8 38. Rxe6+ Kf7 39.
Ra6 Ke7 40. e4 Kf7 41. Ke3 Ke7 42. f4 Kf7 43. g4 Ke7 44. h4 Kf7 45. h5 Ke7 46. e5 fxe5 47. fxe5 Kf7 48. Ke4 Ke7 49. g5 Kf7 50. Kf5 g6+ 51. hxg6+ hxg6+ 52. Ke4 Kg7 53. Kd5 Kf7 54. Kc6 1-0

[Event "Late-Titled-Tuesday-Blitz-October-24-2023"]
[Site "Chess.com"]
[Date "2023.10.24"]
[Round "6"]
[White "Haykoooo0o"]
[Black "Veleamater"]
[Result "1-0"]
[WhiteElo "2450"]
[BlackElo "2330"]
[TimeControl "180+1"]
[EndTime "15:06:24 PDT"]
[Termination "Haykoooo0o won on time"]

1. d4 d6 2. Nf3 g6 3. Bf4 Bg7 4. h3 Nf6 5. e3 O-O 6. c3 Nc6 7. Be2 Nd7 8. O-O h6 9. Bh2 e5 10. Na3 f5 11. Nc4 Kh7 12. Rc1 g5 13. b4 e4 14. Nfd2 Nb6 15. a4 Ne7 16. a5 Nxc4 17.
Nxc4 Ng6 18. b5 Be6 19. b6 axb6 20. axb6 c6 21. Nxd6 Qd7 22. c4 Rg8 23. c5 Bd5 24.
Bc4 f4 25. Qg4 Qxg4 26. hxg4 Bxc4 27. Rxc4 Rab8 28. Nxe4 Rbe8 29. Nd6 Re7 30. e4 Ra8 31. f3 Ra2 32. g3 Rd2 33. e5 fxg3 34. Bxg3 Nf8 35.
Rf2 Rd3 36. Nf5 Rd7 37. Rf1 Ne6 38. Bf2 Bf8 39. Kg2 Nf4+ 40. Kh2 Rd2 41. Kh1 Kg6 42. Be3 Rd3 43. Bxf4 gxf4 44. Kg2 Kf7 45. Rf2 Ke6 46. Ra4 h5 47. Ra8 Be7 48. Re8 hxg4 49. fxg4 f3+ 50. Rxf3 Kf7 51. Rxe7+ Rxe7 52. Rxd3 Rd7 53. Nd6+ Ke6 54.
Nxb7 Rxb7 55. Rf3 Kd5 56. g5 Kxd4 57. e6 Rg7 58. Rg3 Ke5 59. e7 Rxe7 60. g6 Kf6 61. g7 1-0

[Event "Late-Titled-Tuesday-Blitz-October-24-2023"]
[Site "Chess.com"]
[Date "2023.10.24"]
[Round "6"]
[White "sergiochess83"]
[Black "dimitrisl"]
[Result "1-0"]
[WhiteElo "2870"]
[BlackElo "2600"]
[TimeControl "180+1"]
[EndTime "15:06:25 PDT"]
[Termination "sergiochess83 won on time"]

1. d4 Nf6 2. c4 e6 3. Nc3 Bb4 4. e3 O-O 5. Bd3 d5 6. cxd5 exd5 7. Ne2 Re8 8. Qc2 c6 9. Bd2 Bd6 10. f3 a5 11. g4 Na6 12. a3 h6 13. h4 c5 14. g5 Nh5 15. O-O-O Nb4 16. Bh7+ Kh8 17. Qb1 cxd4 18. Nxd4 Nc6 19. gxh6 gxh6 20. Ncb5 Nxd4 21. Nxd4 Bd7 22. Qd3 Be5 23. Kb1 Rc8 24. Bf5 Bxf5 25. Nxf5 Qf6 26. Nd4 Bxd4 27. exd4 Ng3 28. Rhg1 Qf5 29.
Bxh6 Qxd3+ 30. Rxd3 Nf5 31. Bd2 Re2 32. Bxa5 Rcc2 33.
Rb3 Rh2 34. Rxb7 Nxh4 35. Bc3 Nxf3 36. Rg3 1-0

[Event "Late-Titled-Tuesday-Blitz-October-24-2023"]
[Site "Chess.com"]
[Date "2023.10.24"]
[Round "6"]
[White "Truequitos"]
[Black "JuniorJumper"]
[Result "1-0"]
[WhiteElo "2500"]
[BlackElo "2608"]
[TimeControl "180+1"]
[EndTime "15:06:25 PDT"]
[Termination "Truequitos won by resignation"]

1. d4 d5 2. Bf4 e6 3. e3 Bd6 4. Qg4 Bxf4 5. Qxg7 Qf6 6. Qxf6 Nxf6 7. exf4 Bd7 8. Nf3 Rg8 9. Ne5 a6 10. Nd2 Bb5 11.
f3 Bxf1 12. Kxf1 Nbd7 13. g4 c5 14. dxc5 Nxc5 15. Ke2 O-O-O 16. Nb3 Nxb3 17. axb3 Rgf8 18. Rhd1 Nd7 19. Rd4 f6 20. Nd3 Nb8 21. Nc5 Nc6 22.
Rd3 Rfe8 23. Kf2 e5 24. f5 e4 25. fxe4 Ne5 26. Rxd5 Rxd5 27. exd5 Nxg4+ 28. Kg3 Ne3 29. c4 Nxf5+ 30. Kf4 Nd4 31. d6 Ne6+ 32. Nxe6 Rxe6 33. Rd1 Kd7 34. c5 Re2 35. Rg1 Rf2+ 36. Ke3 Rxb2 37. Rg7+ Kc8 38. Rc7+ Kb8 39. c6 bxc6 40. Rxc6 Rxb3+ 41. Ke4 Kb7 42. d7 Rb4+ 43. Kd3 Rb1 44. Kc2 Rb5 45. Rc8 Re5 46. d8=Q 1-0

[Event "Late-Titled-Tuesday-Blitz-October-24-2023"]
[Site "Chess.com"]
[Date "2023.10.24"]
[Round "6"]
[White "Sanyura"]
[Black "SergioMoralesG"]
[Result "1-0"]
[WhiteElo "2611"]
[BlackElo "2408"]
[TimeControl "180+1"]
[EndTime "15:06:25 PDT"]
[Termination "Sanyura won on time"]

1. Nf3 d5 2. g3 Nf6 3. d3 Bg4 4. Bg2 Nbd7 5. Nbd2 e5 6. h3 Bh5 7. O-O Bc5 8. e4 dxe4 9. dxe4 O-O 10. Qe2 c6 11. c3 Qc7 12. Nc4 Bxf3 13. Qxf3 h6 14. b4 Be7 15. Ne3 Rfd8 16. Nf5 Bf8 17. a3 Kh7 18. h4 g6 19. Ne3 Bg7 20. h5 Nxh5 21.
Qxf7 Rf8 22. Qe7 Rae8 23. Qh4 Ndf6 24. Bf3 Rf7 25. Kg2 Ref8 26. Ng4 Nxg4 27. Bxg4 Nf6 28. Be2 c5 29. b5 c4 30. Be3 Nd7 31. Rad1 Nc5 32.
Bxc4 Rf6 33. Rh1 g5 34. Qxg5 Rg6 35. Qh5 Nxe4 36. Bd3 1-0

[Event "Late-Titled-Tuesday-Blitz-October-24-2023"]
[Site "Chess.com"]
[Date "2023.10.24"]
[Round "6"]
[White "Binary010"]
[Black "rockstar0902"]
[Result "0-1"]
[WhiteElo "2845"]
[BlackElo "2686"]
[TimeControl "180+1"]
[EndTime "15:06:26 PDT"]
[Termination "rockstar0902 won on time"]

1. e4 e6 2. d4 d5 3. Nc3 Nf6 4. Bd3 c5 5. exd5 cxd4 6. Bb5+ Bd7 7. Qxd4 Bxb5 8. Nxb5 Nxd5 9. Qa4 Nc6 10. Nf3 a6 11.
Nbd4 Qa5+ 12. Qxa5 Nxa5 13. O-O Be7 14. b3 O-O 15. Bd2 Bb4 16. c4 Bxd2 17. cxd5 Bc3 18. Rac1 Bxd4 19. Nxd4 Rad8 20. b4 Rxd5 21. Rfd1 Nc6 22.
Nxc6 bxc6 23. Kf1 h6 24. Rxd5 cxd5 25. Rc6 Ra8 26. Ke2 Kf8 27. Kd3 Ke7 28. Rc7+ Kf6 29. Kd4 Rb8 30. a3 Rb5 31. Ra7 e5+ 32. Kc3 Rb6 33. a4 Rc6+ 34. Kd3 Ke6 35. Rb7 e4+ 36. Ke3 Rc3+ 37. Kd2 Rc4 38. Rb6+ Ke5 39. Rxa6 Rxb4 40. Ra7 f5 41. a5 Ra4 42. a6 Kd4 43. Ra8 Ra2+ 44.
Kc1 Kd3 45. Kb1 Ra5 46. Kb2 d4 47. Kb3 Ke2 48. Kb4 Ra1 49. Kb5 d3 50. Rd8 d2 51.
Kb6 d1=Q 0-1